 Dungeon Crawl Stone Soup version 0.27-a0-1579-g97d2440184 (webtiles) character file.

Game seed: 7633763050149341245

0 Zonian the Conjurer (level 1, -1/9 HPs)
             Began as a Vine Stalker Conjurer on July 17, 2021.
             Slain by a quokka (3 damage)
             ... on level 1 of the Dungeon.
             The game lasted 00:00:12 (64 turns).

Zonian the Conjurer (Vine Stalker Conjurer)           Turns: 64, Time: 00:00:12

Health: -1/9       AC:  2    Str:  9    XL:     1   Next: 10%
Magic:  0/4        EV: 12    Int: 18    God:
Gold:   0          SH:  0    Dex: 12    Spells: 3/4 levels left

rFire    . . .     SeeInvis .   (no weapon)
rCold    . . .     Faith    .   (no shield)
rNeg     . . .     Spirit   +   a - +0 robe
rPois    .         Reflect  .   (no helmet)
rElec    .         Harm     .   (no cloak)
rCorr    .         Rampage  .   (no gloves)
Will     .....                  (no boots)
Stlth    ++........             (no amulet)
HPRegen  0.03/turn              (no ring)
MPRegen  0.09/turn              (no ring)

@: no status effects
A: fangs 2, magic shield, antimagic bite, no potion heal 2
a: no special abilities


You were on level 1 of the Dungeon.
You visited 1 branch of the dungeon, and saw 1 of its levels.

Inventory:

Armour
 a - a +0 robe (worn)


   Skills:
 + Level 1.5 Dodging
 + Level 2.4 Stealth
 + Level 2.1 Spellcasting
 + Level 4.0 Conjurations


You had 3 spell levels left.
You knew the following spells:

 Your Spells              Type           Power      Damage    Failure   Level
a - Magic Dart            Conj           64%        1d6       3%          1

Your spell library contained the following spells:

 Spells                   Type           Power      Damage    Failure   Level
 Searing Ray              Conj           32%        3d4       4%          2
 Dazzling Flash           Conj/Hex       18%        N/A       24%         3
 Fulminant Prism          Conj/Hex       4%         3d6       61%         4
 Iskenderun's Mystic Bla  Conj/Tloc      9%         2d4       61%         4


Dungeon Overview and Level Annotations

Branches:
Dungeon (1/15)

Altars:


Innate Abilities, Weirdness & Mutations

You have extremely sharp teeth.
When hurt, damage is shared between your health and your magic reserves.
Your bite disrupts and absorbs the magic of your enemies.
Potions cannot restore your health.


Message History

You can't see any susceptible monsters within range! (Use Z to cast anyway.)
You can't see any susceptible monsters within range! (Use Z to cast anyway.) Unknown command.
A quokka is nearby!
A quokka is nearby!
Unknown command.
The magic dart hits the quokka but does no damage.
The quokka is severely wounded.
You are too depleted to draw on your mana recklessly!
You are too depleted to draw on your mana recklessly!
Unknown command.
You barely miss the quokka.
The quokka is severely wounded.
The quokka bites you.
You barely miss the quokka. Your bite misses the quokka.
The quokka is severely wounded.
The quokka bites you.
You completely miss the quokka.
The quokka is severely wounded.
The quokka closely misses you. The quokka bites you.
* * * LOW HITPOINT WARNING * * *
You closely miss the quokka.
The quokka is severely wounded.
The quokka bites you but does no damage.
You hit the quokka.
The quokka is almost dead.
The quokka closely misses you.
Casting: Magic Dart (safe; 3% risk of failure)
Confirm with . or Enter, or press ? or * to list all spells.
Aiming: Magic Dart (safe; 3% risk of failure)
Press: ? - help, Shift-Dir - straight line, f/p - quokka
Aim: a quokka (almost dead, 100% to hit)
The magic dart hits the quokka but does no damage.
The quokka is almost dead.
The quokka closely misses you.
Unknown command.
You closely miss the quokka. Your bite misses the quokka.
The quokka is almost dead.
The quokka bites you.
You die...

#....# #....#
##....# .....+
#....# #....#
####+#....#
......r@.#
......#..# .....
#..## .... #...#
... #...# ....
##..# ### ### .
....##..#######..
..#
.............##.#
#.#
#######..###.##.#
#.#


You could see a quokka.

Vanquished Creatures
  A rat (D:1)
1 creature vanquished.

Notes
Turn   | Place    | Note
-------+----------+-------------------------------------------
     0 | D:1      | Zonian the Vine Stalker Conjurer began the quest for the
                  | Orb.
     0 | D:1      | Reached XP level 1. HP: 9/9 MP: 4/4
    64 | D:1      | Slain by a quokka

Illustrated notes

Levels and vault maps discovered:
D:1:      dpeg_arrival_tiny_a, layout_basic

Action                   || total
-------------------------++-------
Melee: Unarmed           ||     6
 Cast: Magic Dart        ||     7
Armor: Robe              ||     1
Dodge: Dodged            ||     3

Table legend: (Time is in decaauts)
 A = Elapsed time spent in this place.
 B = Non-inter-level travel time spent in this place.
 C = Inter-level travel time spent in this place.
 D = Time resting spent in this place.
 E = Time spent auto-exploring this place.
 F = Levels seen in this place.
 G = Mean time per level.
                   A        B        C        D        E       F      G
               +--------+--------+--------+--------+--------+-----+--------+
         Total |     64 |     64 |      0 |      0 |     50 |   1 |   64.0 |
       Dungeon |     64 |     64 |      0 |      0 |     50 |   1 |   64.0 |
               +--------+--------+--------+--------+--------+-----+--------+

Top non-repeatable levels by time:
     D:1: 64 daAuts
